Unix NetHack Version 3.7.0-69 Work-in-progress - last build Jan 17 2023 02:48:11 (52afb19a5a75bd13c37bd07f7a1a2262d275dfea,branch:master). Game began 2023-01-18 19:31:22, ended 2023-01-18 19:52:25. Kontroller, lawful male human Knight ..| ..... ...| ............- .......--...G -...------.u| . |..-- --- --- .- --.-- --.---- ..--<.| |.[...| --.%...----.....------ ............-.........| --.......|..........-- --.......|-.........-- .........|---........| |........-- |.......-- -)|.|.--- ---.|.--- ------- ----- Kontroller the Bachelor St:15 Dx:11 Co:12 In:9 Wi:14 Ch:18 Lawful S:1868 Dlvl:4 $:196 HP:0(56) Pw:44(44) AC:3 Xp:6/363 T:2772 Stressed Ride Latest messages: You see here a bugle. You have a little trouble lifting B - a bugle. The gnome swings her crossbow. The gnome hits! The gnome swings her crossbow. The gnome misses! You miss the gnome. You miss the gnome. The gnome swings her crossbow. The gnome hits! You kill the gnome! There are several objects here. You have a little trouble lifting a gnome corpse. Continue? [ynq] (q) y C - a gnome corpse. J - 2 black gems. N - a white gem. You rebalance your load. Movement is difficult. What do you want to eat? [hklrxC or ?*] C Blecch! Rotten food! The world spins and goes dark. You are conscious again. You resume your meal. You stop eating the gnome corpse. You resume your meal. The gnome lord swings his aklys. The gnome lord hits! You stop eating the gnome corpse. The gnome lord swings his aklys. The gnome lord hits! You miss the gnome lord. The gnome lord swings his aklys at the saddled pony. The gnome lord hits the saddled pony. The saddled pony hits the gnome lord. The saddled pony misses the gnome lord. The gnome lord swings his aklys. The gnome lord misses! You miss the gnome lord. The gnome lord swings his aklys. The gnome lord hits! The gnome lord swings his aklys. The gnome lord hits! You miss the gnome lord. The gnome lord swings his aklys. The gnome lord hits! The gnome lord swings his aklys. The gnome lord hits! You die... Do you want your possessions identified? [ynq] (y) y Do you want to see your attributes? [ynq] (y) y Do you want an account of creatures vanquished? [ynaq] (y) q Inventory: Coins $ - 196 gold pieces Amulets z - a cursed amulet of change Weapons w - 5 +0 arrows o - 10 blessed +1 darts p - 7 +2 darts n - 10 +0 darts i - 4 +0 daggers A - 8 +0 daggers a - the blessed rustproof +1 Excalibur (alternate weapon; not wielded) b - a +1 lance (weapon in hand) Armor d - an uncursed +0 helmet (being worn) K - an uncursed +0 pair of gauntlets of dexterity (being worn) f - an uncursed +0 pair of leather gloves e - an uncursed +0 small shield (being worn) c - a blessed +1 ring mail (being worn) Comestibles r - an uncursed banana h - 13 uncursed carrots x - a cursed cream pie k - 2 uncursed food rations l - 2 uncursed food rations C - an uncursed partly eaten gnome corpse Scrolls q - an uncursed scroll of create monster E - an uncursed scroll of identify R - a blessed scroll of light s - 2 uncursed scrolls of light X - a cursed scroll of magic mapping Potions m - 2 uncursed potions of gain energy P - an uncursed potion of healing t - a cursed potion of healing I - a cursed potion of sleeping Rings W - an uncursed ring of poison resistance Wands L - a wand of light (0:11) M - a wand of lightning (0:6) v - a wand of striking (0:0) Tools B - an uncursed bugle G - an uncursed blindfold Q - a +0 pick-axe Gems/Stones J - 2 uncursed black opals H - an uncursed topaz stone F - an uncursed worthless piece of blue glass D - an uncursed worthless piece of red glass N - an uncursed worthless piece of white glass j - an uncursed worthless piece of yellow glass u - 3 uncursed worthless pieces of yellow glass Kontroller the Knight's attributes: Background: You were a Bachelor, a level 6 male human Knight. You were lawful, on a mission for Lugh who was opposed by Brigit (neutral) and Manannan Mac Lir (chaotic). You were in the Gnomish Mines, on level 4. You entered the dungeon 2772 turns ago. You had 363 experience points, 277 more were needed to attain level 7. Your score was 1868 before end-of-game adjustments. Basics: You had 0 out of 56 hit points. You had all 44 energy points (spell power). Your armor class was 3. Your wallet contained 196 zorkmids. Autopickup was off. Final Characteristics: Your strength was 15 (limit:18/100). Your dexterity was 11 (limit:18). Your constitution was 12 (limit:18). Your intelligence was 9 (limit:18). Your wisdom was 14 (limit:18). Your charisma was 18 (limit:18). Final Status: You were riding your pony. You were not hungry. You were stressed; movement was moderately slowed. You were wielding a lance. You had basic skill with lance and could have enhanced that. Final Attributes: You were piously aligned. You could jump. You were warded. You are dead. Miscellaneous: You never encountered a bones level. Total elapsed playing time was 21 minutes and 2 seconds. Major events: Turn 1: Kontroller the lawful male human Knight entered the dungeon 599: entered the Gnomish Mines 601: attained the rank of Esquire (level 3) 2122: has been given Excalibur, and now enjoys supreme executive power 2587: attained the rank of Bachelor (level 6) 2772: killed by a gnome lord Vanquished creatures: an imp a rock mole a fog cloud 3 gnome leaders 2 elf zombies a giant ant a floating eye a dwarf a hill orc 2 rothes 2 iguanas 2 coyotes a gas spore a large kobold a hobgoblin 2 giant rats 2 yellow molds 2 red molds 16 gnomes a jackal a fox 2 goblins 5 sewer rats 3 grid bugs a bat 4 lichens 2 kobold zombies 3 newts 65 creatures vanquished. No species were genocided or became extinct. Voluntary challenges: You read items or engraved 10 times. You never engraved Elbereth. You never genocided any monsters. You never polymorphed an object. You never changed form. You used no wishes. Achievements: You entered the Gnomish Mines. You attained the rank of Esquire. You attained the rank of Bachelor. The Dungeons of Doom: levels 1 to 5 Level 1: An altar. Level 2: A sink. Stairs down to The Gnomish Mines. Level 3: Level 4: An altar. Level 5: The Gnomish Mines: levels 3 to 4 Level 3: Level 4: <- You were here. Final resting place for you, killed by a gnome lord. Game over: ---------- / \ / REST \ / IN \ / PEACE \ / \ | Kontroller | | 196 Au | | killed by a | | gnome lord | | | | | | 2023 | *| * * * | * _________)/\\_//(\/(/\)/\//\/|_)_______ Fare thee well Kontroller the Knight... You died in The Gnomish Mines on dungeon level 4 with 1849 points, and 196 pieces of gold, after 2772 moves. You were level 6 with a maximum of 56 hit points when you died.